 Dungeon Crawl Stone Soup version 0.31-a0-1074-g0b22e4e0f1 (webtiles) character file.

Game seed: 8584528056324590882

4854 wildpjah the Nimble (level 10, -6/114 HPs)
             Began as a Merfolk Gladiator on Nov 26, 2023.
             Was a Believer of Dithmenos.
             Mangled by Snorg (18 damage)
             ... on level 11 of the Dungeon.
             The game lasted 00:23:07 (8126 turns).

wildpjah the Nimble (Merfolk Gladiator)             Turns: 8126, Time: 00:23:07

Health: -6/114     AC: 10    Str: 14    XL:     10   Next: 49%
Magic:  10/10      EV: 19    Int:  8    God:    Dithmenos [**....]
Gold:   433        SH:  0    Dex: 20    Spells: 9/9 levels left

rFire   . . .        u - +2 dagger (venom)
rCold   . . .        p - orb {*Rage}
rNeg    . . .        V - +0 troll leather armour
rPois   +            c - +0 helmet
rElec   .            D - +1 cloak {rPois}
rCorr   .            (no gloves)
SInv    +            (no boots)
Will    .....        (no amulet) Stlth
                     z - +4 ring of protection
HPRegen 1.19/turn    K - ring of see invisible
MPRegen 0.12/turn

%: random rage (20%)
@: berserking (expiring), wreathed by umbra, very quick
A: (nimble swimmer 2), mertail
a: Renounce Religion, Shadow Step


You were on level 11 of the Dungeon.
You worshipped Dithmenos.
Dithmenos was pleased with you.
You visited 2 branches of the dungeon, and saw 11 of its levels.

You collected 433 gold pieces.

Inventory:

Hand Weapons
 a - a +0 long sword
 u - a +2 dagger of venom (weapon)
 v - a +2 dagger of speed
 x - a +5 dagger of protection
 E - a +2 long sword
Missiles
 d - 8 throwing nets
 e - a javelin
 q - 7 poisoned darts (quivered)
Armour
 b - a +0 leather armour
 c - a +0 helmet (worn)
 p - an orb of wrath (worn)
 D - a +1 cloak of poison resistance (worn)
 M - a +1 leather armour of fire resistance
 V - a +0 troll leather armour (worn)
Jewellery
 z - a +4 ring of protection (left hand)
 F - a ring of protection from cold
 K - a ring of see invisible (right hand)
 R - a +6 ring of intelligence
 U - a ring of willpower
Talismans
 C - a beast talisman
Wands
 G - a wand of acid (10)
 W - a wand of flame (12)
Scrolls
 f - 6 scrolls of teleportation
 l - 2 scrolls of noise
 n - 2 scrolls of revelation
 r - a scroll of butterflies
 s - 3 scrolls of enchant weapon
 t - a scroll of fog
 y - 2 scrolls of blinking
 B - a scroll of immolation
 H - 2 scrolls of amnesia {unknown}
 J - 3 scrolls of enchant armour {unknown}
 L - a scroll of acquirement {unknown}
 O - 2 scrolls of identify
 Q - 2 scrolls of vulnerability {unknown}
 S - 3 scrolls of fear {unknown}
 T - a scroll of poison {unknown}
Potions
 g - 2 potions of degeneration {unknown}
 h - 2 potions of heal wounds {unknown}
 i - 4 potions of curing {unknown}
 j - 5 potions of attraction {unknown}
 k - 3 potions of enlightenment {unknown}
 m - 2 potions of cancellation {unknown}
 o - 2 potions of brilliance {unknown}
 w - a potion of ambrosia {unknown}
 A - a potion of might {unknown}
 I - a potion of lignification {unknown}
 N - a potion of magic {unknown}
 P - a potion of haste {unknown}


   Skills:
 + Level 5.9 Fighting
 + Level 7.0(8.6) Short Blades
 + Level 7.7(9.0) Long Blades
 + Level 2.9 Ranged Weapons
 + Level 3.2 Throwing
 + Level 3.6 Armour
 * Level 11.6 Dodging
 + Level 4.8 Stealth


You had 9 spell levels left.
You didn't know any spells.
Your spell library contained the following spells:

 Spells                   Type           Power      Damage    Failure   Level
 Slow                     Hex            0%         N/A       47%         1
 Confusing Touch          Hex            0%         N/A       85%         3
 Ozocubu's Armour         Ice            0%         N/A       85%         3
 Sigil of Binding         Hex            0%         N/A       85%         3
 Vampiric Draining        Necr           0%         2d6       85%         3
 Metabolic Englaciation   Hex/Ice        0%         N/A       100%        5
 Simulacrum               Ice/Necr       0%         N/A       100%        6


Dungeon Overview and Level Annotations

Branches:
Dungeon (9/15)             Temple (1/1) D:5            Lair (0/5) D:8
    Orc: D:9-12

Altars:
Ashenzari
Cheibriados
Dithmenos
Elyvilon
Fedhas
Gozag
Kikubaaqudgha
Makhleb
Nemelex Xobeh
Okawaru
Qazlal
Ru
Sif Muna
Uskayaw
Vehumet
Wu Jian
Xom
Yredelemnul
Zin
The Shining One

Shops:
D:1 !   D:11 :

Annotations:
D:11 Snorg


Innate Abilities, Weirdness & Mutations

((You are very nimble when in or above water. (Stealth+, EV+, Speed+++)))
Your lower body shifts to a powerful aquatic tail in water.


Message History

Snorg is moderately wounded.
Snorg bites you! Snorg claws you. Snorg barely misses you.
You puncture Snorg!
Snorg is heavily wounded.
Snorg barely misses you. Snorg misses you. Snorg closely misses you.
You puncture Snorg!
Snorg is heavily wounded.
You puncture Snorg!
Snorg looks as sick as possible!
Snorg is heavily wounded.
Snorg barely misses you. Snorg closely misses you. Snorg claws you.
You closely miss Snorg.
Snorg is heavily wounded.
You puncture Snorg!
Snorg looks as sick as possible!
Snorg is severely wounded.
Snorg barely misses you. Snorg claws you but does no damage. Snorg claws you.
You closely miss Snorg.
Snorg is severely wounded.
Snorg closely misses you. x2; Snorg claws you but does no damage.
You puncture Snorg!
Snorg is severely wounded.
You barely miss Snorg.
Snorg is severely wounded.
Snorg bites you!
* * * LOW HITPOINT WARNING * * *
Snorg closely misses you. Snorg misses you.
You hit Snorg.
Snorg is severely wounded.
You barely miss Snorg.
Snorg is almost dead.
Snorg completely misses you. Snorg claws you!
* * * LOW HITPOINT WARNING * * *
Snorg closely misses you.
You puncture Snorg!
Snorg is almost dead.
You closely miss Snorg.
Snorg is almost dead.
Snorg misses you. Snorg claws you.
* * * LOW HITPOINT WARNING * * *
Snorg claws you!!
You die...

################
#....##..$.....#
######....##.@T.....#
####.........##.....^(.#
...'.........''.>......#
####.......[.##........#
#.........##........#
######....##........#
####.........##........#
#..[.⌠...⌠...###+#+#####
#......∩.....#


You could see Snorg (berserk, extremely poisoned).

Vanquished Creatures
  A death yak (D:8)
  An elephant (D:8)
  A hornet (D:6)
  A troll (D:11)
  A wraith (D:8)
  Eustachio (D:6)
  A steam dragon (D:7)
  A basilisk (D:8)
  Menkaure (D:6)
  A water moccasin (D:5)
  An acid dragon (D:11)
  5 black bears
  An ice beast (D:6)
  An orc warrior (D:5)
  A sky beast (D:7)
  2 ogres
  2 phantoms (D:6)
  A gnoll sergeant (D:6)
  A bullfrog (D:8)
  3 scorpions
  3 wights (D:4)
  2 howler monkeys (D:11)
  Crazy Yiuf (D:3)
  2 jellies
  A gnoll bouda (D:8)
  7 orc priests
  A sleepcap (D:3)
  Jessica (D:3)
  Terence (D:3)
  10 orc wizards
  Robin (D:3)
  7 gnolls
  14 adders
  A shadow imp (D:8)
  3 white imps
  2 ufetubi (D:5)
  2 dart slugs
  29 orcs
  6 bats
  7 endoplasms
  7 giant cockroaches
  18 goblins
  11 hobgoblins
  7 jackals
  4 quokkas
  6 ball pythons
  3 frilled lizards
  7 kobolds
  16 rats
208 creatures vanquished.

Notes
Turn   | Place    | Note
-------+----------+-------------------------------------------
     0 | D:1      | wildpjah the Merfolk Gladiator began the quest for the Orb.
     0 | D:1      | Reached XP level 1. HP: 16/16 MP: 1/1
   124 | D:1      | Found Xocirit's Distillery.
   194 | D:1      | Reached XP level 2. HP: 20/23 MP: 2/2
   453 | D:1      | Reached XP level 3. HP: 28/28 MP: 3/3
  1155 | D:2      | Reached XP level 4. HP: 34/34 MP: 4/4
  1210 | D:2      | Reached skill level 5 in Dodging
  1556 | D:3      | Found a white marble altar of Elyvilon.
  1558 | D:3      | Noticed Terence
  1577 | D:3      | Killed Terence
  1578 | D:3      | Reached skill level 5 in Long Blades
  1578 | D:3      | Reached XP level 5. HP: 21/40 MP: 5/5
  1685 | D:3      | Noticed Robin
  1705 | D:3      | Reached skill level 1 in Stealth
  1719 | D:3      | Reached skill level 1 in Short Blades
  1724 | D:3      | Killed Robin
  1914 | D:3      | Noticed Jessica
  1922 | D:3      | Killed Jessica
  1923 | D:3      | Reached skill level 1 in Armour
  1923 | D:3      | Reached XP level 6. HP: 11/47 MP: 6/6
  2334 | D:3      | Found a faded altar of an unknown god.
  2597 | D:3      | Found a runed translucent door.
  2598 | D:3      | Noticed Crazy Yiuf
  2610 | D:3      | Killed Crazy Yiuf
  2951 | D:4      | Reached skill level 6 in Dodging
  2959 | D:4      | Reached XP level 7. HP: 52/52 MP: 7/7
  3528 | D:5      | Entered Level 5 of the Dungeon
  3803 | D:5      | Reached skill level 5 in Short Blades
  3803 | D:5      | Found a staircase to the Ecumenical Temple.
  3835 | Temple   | Entered the Ecumenical Temple
  3848 | Temple   | Became a worshipper of Dithmenos the Shadowed
  4108 | D:5      | Reached skill level 7 in Dodging
  4108 | D:5      | Reached XP level 8. HP: 60/60 MP: 8/8
  4582 | D:5      | Reached skill level 1 in Ranged Weapons
  4708 | D:6      | Found a burning altar of Makhleb.
  4722 | D:6      | Found an iron altar of Okawaru.
  4852 | D:6      | Found a broken altar of Ashenzari.
  4942 | D:6      | Reached skill level 8 in Dodging
  5134 | D:6      | Noticed Eustachio
  5163 | D:6      | Killed Eustachio
  5261 | D:6      | Noticed Menkaure
  5267 | D:6      | Killed Menkaure
  5268 | D:6      | Reached skill level 9 in Dodging
  5268 | D:6      | Reached XP level 9. HP: 66/66 MP: 9/9
  5416 | D:6      | Noticed a hornet
  5437 | D:6      | Reached * piety under Dithmenos
  5453 | D:6      | Paralysed by a hornet for 3 turns
  5457 | D:6      | Killed a hornet
  5466 | D:6      | Reached skill level 5 in Fighting
  5563 | D:6      | Reached skill level 10 in Dodging
  6150 | D:6      | Found a sparkling altar of Nemelex Xobeh.
  6348 | D:7      | Found an ornate altar of the Wu Jian Council.
  6634 | D:7      | Found a snail-covered altar of Cheibriados.
  7082 | D:8      | Found a radiant altar of Vehumet.
  7136 | D:8      | Found a blossoming altar of Fedhas.
  7258 | D:8      | Found a sacrificial altar of Ru.
  7291 | D:8      | Reached ** piety under Dithmenos
  7386 | D:8      | Found a shimmering blue altar of Sif Muna.
  7400 | D:8      | Noticed an elephant
  7401 | D:8      | Noticed a death yak
  7423 | D:8      | Killed a death yak
  7424 | D:8      | Reached skill level 11 in Dodging
  7424 | D:8      | Reached XP level 10. HP: 75/75 MP: 10/10
  7432 | D:8      | Found a staircase to the Lair.
  7460 | D:8      | Killed an elephant
  7918 | D:9      | You fall into a shaft and drop 2 floors!
  7925 | D:11     | Found Gugaen's Vocational Training.
  8094 | D:11     | Noticed Snorg
  8126 | D:11     | Mangled by Snorg

Illustrated notes

Levels and vault maps discovered:
D:1:      mushboom_english_gardens, layout_loops_corners, serial_shops, shop
D:2:      layout_basic, nrook_uturn
D:3:      layout_basic, mainiacjoe_overflow_cross_hatched,
          hellmonk_ecumenical_altar_blasted, st_stairs_14, uniq_jessica,
          uniq_terence, uniq_robin, uniq_crazy_yiuf_cottage
D:4:      layout_basic
D:5:      layout_basic, minmay_temple_entry_glass
D:6:      layout_basic, mainiacjoe_overflow_catwalk, nemelex_dance_club_becter,
          mainiacjoe_overflow_large_starburst, uniq_menkaure, uniq_eustachio
D:7:      layout_loops_ring, nzn_wu_jian_council_hall, kennysheep_slug_shrine,
          minmay_splitting_lines, minivault_5, corexii_leaking_fountain,
          chequers_serial_rivers_room_a
D:8:      layout_gridville, trog_book, general_overflow_altar,
          kennysheep_little_box, mainiacjoe_overflow_tiny_flanked,
          nicolae_ru_sacrificial_ziggurat, david_lair_generic
D:9:      layout_cave_pools, david_orc_5, serial_library,
          serial_library_hellmonk_secret_room,
          serial_library_regret_index_double_sided,
          serial_library_hellmonk_reading_circle,
          serial_library_hellmonk_filled_rooms,
          serial_library_hellmonk_open_square
D:11:     layout_basic, nicolae_shop_vocational, uniq_snorg, uniq_urug
Temple:   dpeg_three_leaves_temple

Skill      XL: |  1  2  3  4  5  6  7  8  9 10 |
---------------+-------------------------------+-----
Long Blades    | 4 5 6 7 |  7.7
Dodging        | 5 6 7 9 11 | 11.6
Stealth        | 1 2 3 4 |  4.8
Short Blades   | 1 3 5 6 7 |  7.0
Fighting       | 3 4 5 |  5.9
Armour         | 1 2 3 |  3.6
Ranged Weapons | 1 2 |  2.9
Throwing       | 3 |  3.2

Action                     |  1- 3 |  4- 6 |  7- 9 | 10-12 || total
---------------------------+-------+-------+-------+-------++-------
  Melee: Long sword        |    80 |       |   113 |       ||   193
         Dagger            |     4 |   181 |   247 |   118 ||   550
         Tailslap          |       |     2 |       |       ||     2
   Fire: Sling             |       |       |    25 |       ||    25
  Throw: Dart              |       |       |     7 |       ||     7
    Use: Scroll            |       |       |     7 |       ||     7
   Stab: Sleeping          |     1 |     4 |     5 |     2 ||    12
 Armour: Leather armour    |    39 |    87 |   225 |    45 ||   396
         Troll leather arm |       |       |       |    21 ||    21
  Dodge: Dodged            |    62 |    97 |   336 |    91 ||   586

Table legend: (Time is in decaauts)
 A = Elapsed time spent in this place.
 B = Non-inter-level travel time spent in this place.
 C = Inter-level travel time spent in this place.
 D = Time resting spent in this place.
 E = Time spent auto-exploring this place.
 F = Levels seen in this place.
 G = Mean time per level.
                   A        B        C        D        E       F      G
               +--------+--------+--------+--------+--------+-----+--------+
         Total |   8451 |   8007 |    444 |    123 |   6135 |  11 |  768.3 |
       Dungeon |   8424 |   7993 |    431 |    123 |   6135 |  10 |  842.4 |
        Temple |     26 |     13 |     13 |      0 |      0 |   1 |   26.0 |
               +--------+--------+--------+--------+--------+-----+--------+

Top non-repeatable levels by time:
     D:6: 1645 daAuts
     D:3: 1313 daAuts
     D:5: 1033 daAuts
     D:4: 970 daAuts
     D:1: 950 daAuts
     D:7: 856 daAuts
     D:8: 820 daAuts
     D:2: 603 daAuts
    D:11: 194 daAuts
     D:9: 35 daAuts
  Temple: 26 daAuts
